 Dungeon Crawl Stone Soup version 0.21.1-1-g345015f (webtiles) character file.

126 lyrx the Conjurer (level 4, -2/30 HPs)
             Began as a Demonspawn Conjurer on Apr 18, 2018.
             Killed by nerve-wracking pain
             ... invoked by a shadow imp
              (11 damage)
             ... in a sewer.
             The game lasted 00:12:56 (2197 turns).

lyrx the Conjurer (Demonspawn Conjurer)             Turns: 2197, Time: 00:12:56

Health: -2/30      AC:  3    Str:  8    XL:     4   Next: 84%
Magic:  4/7        EV: 12    Int: 18    God:
Gold:   136        SH:  0    Dex: 13    Spells: 6/7 levels left

rFire    . . .     SeeInvis .   g - +3 dagger (protect)
rCold    + . .     Gourm    .   (no shield)
rNeg     . . .     Faith    .   a - +0 robe
rPois    .         Spirit   .   (no helmet)
rElec    .         Reflect  .   (no cloak)
rCorr    .         Harm     .   f - +0 pair of gloves
MR       .....                  (no boots)
Stlth    ++........             (no amulet)
HPRegen  0.10/turn              (no ring)
MPRegen  0.10/turn              (no ring)

@: no status effects
A: talons 1, cold resistance 1
a: no special abilities


You were in a sewer.
You were hungry.

You visited 1 branch of the dungeon, and saw 3 of its levels.
You also visited: Sewer.

You collected 136 gold pieces.

Inventory:

Hand Weapons
 g - a +3 dagger of protection (weapon)
 h - a +0 hunting sling
Missiles
 n - 80 stones (quivered)
 o - 3 needles of sleeping
Armour
 a - a +0 robe (worn)
 f - a +0 pair of gloves (worn)
Jewellery
 i - an uncursed amulet of the gourmand {unknown}
Wands
 p - a wand of iceblast (9)
Scrolls
 e - a scroll of magic mapping
 m - a scroll of enchant weapon
 r - 2 scrolls of identify
 s - a scroll of teleportation {unknown}
Potions
 d - a potion of heal wounds {unknown}
 j - 2 potions of curing
 k - 2 potions of agility {unknown}
 l - a potion of degeneration {unknown}
 q - 2 potions of flight {unknown}
Books
 b - a book of Conjurations

   Spells                             Type                      Level
   a - Magic Dart                     Conjuration                  1
   b - Searing Ray                    Conjuration                  2
   c - Dazzling Spray                 Conjuration/Hexes            3
   d - Fulminant Prism                Conjuration/Hexes            4
   e - Force Lance                    Conjuration/Translocation    4
   f - Iskenderun's Mystic Blast      Conjuration                  4
Comestibles
 c - a ration
 t - 8 chunks of flesh


   Skills:
 - Level 2.0 Dodging
 - Level 1.7 Stealth
 - Level 2.0 Spellcasting
 + Level 6.1 Conjurations


You had 6 spell levels left.
You knew the following spells:

 Your Spells              Type           Power        Failure   Level  Hunger
a - Magic Dart            Conj           ###.         1%          1    #......


Dungeon Overview and Level Annotations

Branches:
Dungeon (3/15)

Altars:
Ashenzari

Annotations:
D:3 Sigmund


Innate Abilities, Weirdness & Mutations

You have sharp toenails.
Your flesh is cold resistant. (rC+)


Message History

Your Conjurations skill increases to level 6!
Casting: Magic Dart
Confirm with . or Enter, or press ? or * to list all spells.
Aiming: Magic Dart
Press: ? - help, Shift-Dir - straight line, f - big kobold zombie
Aim: a big kobold zombie The magic dart hits the big kobold zombie.
The big kobold zombie is lightly damaged.
The big kobold zombie hits you.
* * * LOW HITPOINT WARNING * * *
Casting: Magic Dart
Confirm with . or Enter, or press ? or * to list all spells.
Aiming: Magic Dart
Press: ? - help, Shift-Dir - straight line, f/p - big kobold zombie
Aim: a big kobold zombie (lightly damaged)
The magic dart hits the big kobold zombie.
The big kobold zombie is lightly damaged.
The shadow imp gestures at you. Pain shoots through your body!
You die...

#########.## #####
#≈..#≈≈≈≈≈≈≈≈≈≈≈≈
#≈≈.#≈≈≈≈≈≈≈≈≈≈≈≈
#≈≈.#≈≈≈≈≈≈≈≈≈≈≈≈
#≈≈.#≈≈≈≈≈≈≈≈≈≈≈≈
#≈≈.#≈≈≈≈≈≈≈≈≈≈≈≈
#≈≈.# ≈≈≈≈≈≈≈≈≈
##.#####≈#≈≈###≈#
≈≈≈#≈≈.#≈..Z@.......
≈≈≈≈≈≈≈...≈≈≈≈≈≈≈≈≈≈.
≈≈≈≈#≈≈.#....5......≈
######.####≈##≈##≈###
#≈≈. ≈≈≈≈≈≈≈ ≈≈ #≈≈.
≈≈≈≈≈≈≈≈≈ ≈≈
#≈≈.#≈≈≈≈≈≈≈≈≈≈ ≈ #≈≈
#≈≈≈≈≈≈≈≈≈≈ ≈≈≈≈


You could see a shadow imp and a big kobold zombie.

Vanquished Creatures
  2 big kobold zombies (Sewer)
  2 adders (D:3)
  2 oozes
  A leopard gecko (D:3)
  9 bats
  7 giant cockroaches
  4 goblins
  9 hobgoblins
  3 jackals (D:3)
  2 quokkas (D:2)
  6 frilled lizards
  6 kobolds
  A kobold zombie (Sewer)
  9 rats
63 creatures vanquished.

Notes
Turn   | Place    | Note
-------+----------+-------------------------------------------
     0 | D:1      | lyrx the Demonspawn Conjurer began the quest for the Orb.
     0 | D:1      | Reached XP level 1. HP: 13/13 MP: 3/3
   212 | D:1      | Gained mutation: Your flesh is cold resistant. (rC+) [demonic ancestry]
   212 | D:1      | Reached XP level 2. HP: 19/19 MP: 3/5
   647 | D:1      | Reached XP level 3. HP: 24/24 MP: 2/6
   988 | D:2      | Found a shattered altar of Ashenzari.
   999 | D:2      | Reached skill level 5 in Conjurations
  1905 | D:3      | Noticed Sigmund
  2048 | D:3      | Gained mutation: You have sharp toenails. [demonic ancestry]
  2048 | D:3      | Reached XP level 4. HP: 30/30 MP: 3/7
  2074 | D:3      | Found a glowing drain.
  2102 | Sewer    | Entered a sewer
  2193 | Sewer    | Reached skill level 6 in Conjurations
  2197 | Sewer    | Killed from afar by a shadow imp

Skill      XL: |  1  2  3  4 |
---------------+-------------+-----
Dodging        | 2 |  2.0
Conjurations   | 5 6 |  6.1
Stealth        | |  1.7
Spellcasting   | |  2.0

Action                   |  1- 3 |  4- 6 || total
-------------------------+-------+-------++-------
Melee: Whip              |     4 |       ||     4
       Dagger            |     9 |    62 ||    71
       Kick              |       |    18 ||    18
 Cast: Magic Dart        |    89 |     6 ||    95
  Use: Scroll            |     3 |       ||     3
 Stab: Sleeping          |       |     1 ||     1
  Eat: Chunk             |     4 |     1 ||     5
Armor: Robe              |     9 |    31 ||    40
Dodge: Dodged            |    19 |    39 ||    58
